 Dungeon Crawl Stone Soup version 0.31-a0-214-gb37851dbb3 (webtiles) character file.

Game seed: 4126114848866131150

26 qw the Shooter (level 2, -4/24 HPs)
             Began as a Minotaur Hexslinger on July 1, 2023.
             Slain by Natasha (6 damage)
             ... on level 1 of the Dungeon.
             The game lasted 00:00:18 (691 turns).

qw the Shooter (Minotaur Hexslinger)                 Turns: 691, Time: 00:00:19

Health: -4/24      AC:  5    Str: 12    XL:     2   Next: 89%
Magic:  2/2        EV: 10    Int: 10    God:
Gold:   34         SH:  0    Dex: 12    Spells: 2/3 levels left

rFire   . . .        Y - +1 sling
rCold   . . .        (no shield)
rNeg    . . .        d - +0 ring mail
rPois   .            (helmet restricted)
rElec   .            (no cloak)
rCorr   .            (no gloves)
SInv    .            (no boots)
Will    .....        (no amulet)
Stlth   +            (no ring)
HPRegen 0.24/turn    (no ring)
MPRegen 0.08/turn

%: no passive effects
@: slowed, very slow
A: horns 2, retaliatory headbutt
a: no special abilities


You were on level 1 of the Dungeon.
You visited 1 branch of the dungeon, and saw 2 of its levels.

You collected 34 gold pieces.


Innate Abilities, Weirdness & Mutations

You have a pair of horns on your head.
You reflexively headbutt those who attack you in melee.


   Skills:
 - Level 2.0 Fighting
 + Level 3.5 Ranged Weapons
 - Level 2.1 Dodging
 - Level 1.0 Spellcasting
 - Level 2.0 Hexes


You had 2 spell levels left.
You knew the following spells:

 Your Spells              Type           Power      Damage    Failure   Level
a - Slow                  Hex            16%        N/A       34%         1

Your spell library contained the following spells:

 Spells                   Type           Power      Damage    Failure   Level
 Inner Flame              Hex/Fire       2%         N/A       83%         3
 Portal Projectile        Hex/Tloc       4%         N/A       83%         3
 Cause Fear               Hex            2%         N/A       98%         4

Inventory:

Hand Weapons
 Y - a +1 sling (weapon)
Armour
 d - a +0 ring mail (worn)

Dungeon Overview and Level Annotations

Branches:
Dungeon (2/15)

Altars:

Annotations:
D:1 Natasha


Message History

There are monsters nearby!
Waypoint 1 assigned to D:2.
You shoot a sling bullet.
The sling bullet closely misses Natasha.
Natasha claws you! The kobold hits you but does no damage.
The goblin is attracted toward you.
686 ||| STAIRDANCE The jackal barely misses you.
You furiously retaliate!
You headbutt the jackal, but do no damage.
Natasha casts a spell at you.
You feel yourself slow down. The kobold barely misses you.
The jackal bites you.
The jackal bites you but does no damage.
The kobold is attracted toward you.
You climb upwards.
There is a stone staircase leading down here.
You shoot a sling bullet. The sling bullet barely misses Natasha.
The kobold barely misses you. You furiously retaliate!
You headbutt the kobold!
You kill the kobold!
Natasha barely misses you. You furiously retaliate!
You headbutt Natasha.
Natasha drinks a potion.
Natasha seems to speed up.
You feel less attractive to monsters.
You shoot a sling bullet. The sling bullet hits Natasha.
Natasha is moderately wounded.
Natasha howls an incantation.
Natasha's front paws start to glow.
Natasha stares at you and mumbles some strange words.
The magic dart hits you.
Natasha growls.
Natasha claws you but does no damage. Natasha closely misses you.
You shoot a sling bullet. The sling bullet barely misses Natasha.
The sling bullet barely misses the jackal.
Natasha casts a spell at you. The magic dart hits you!
Natasha casts a spell at you.
You feel as though you will be slow longer.
Natasha barely misses you.
You shoot a sling bullet.
The sling bullet closely misses Natasha.
The sling bullet closely misses the jackal.
Natasha claws you. x2
You die...

..#.# #.#......# #.....)...#
#.#.# #.......## #...).....#
..#.# ######..## ########.###
..#.# #...## #..........# ....#
#####.#..## #..........#
##..####.....##..#####..........#
...).....#######h.gg............#
################h#####..........#
...............)@# #..........#
################## #..........#
#...!......# #..........#
#..........# ############


You could see Natasha (fast) and a jackal.

Vanquished Creatures
  4 endoplasms (D:1)
  2 goblins (D:1)
  2 hobgoblins (D:1)
  3 jackals (D:1)
  2 ball pythons (D:1)
  2 frilled lizards (D:1)
  5 kobolds (D:1)
  3 rats (D:1)
23 creatures vanquished.

Notes
Turn   | Place    | Note
-------+----------+-------------------------------------------
     0 | D:1      | qw the Minotaur Hexslinger began the quest for the Orb.
     0 | D:1      | Reached XP level 1. HP: 16/16 MP: 1/1
     0 | D:1      | 0 ||| qw: Version: 0.3-a-32-g5962c71
     0 | D:1      | 0 ||| qw: Game counter: 7370
     0 | D:1      | 0 ||| qw: Melee chars always use a shield: true
     0 | D:1      | 0 ||| qw: God list: Okawaru
     0 | D:1      | 0 ||| qw: Allow faded altars: false
     0 | D:1      | 0 ||| qw: Do Orc after clearing Dungeon:15 true
     0 | D:1      | 0 ||| qw: Do second Lair branch before Depths: true
     0 | D:1      | 0 ||| qw: Lair rune preference: random
     0 | D:1      | 0 ||| qw: Goals: Normal
     0 | D:1      | 0 ||| PLANNING D:1-11
    57 | D:1      | Reached skill level 3 in Ranged Weapons
    62 | D:1      | Reached XP level 2. HP: 8/23 MP: 2/2
    80 | D:1      | 80 ||| FLEEEEING.
    82 | D:1      | 82 ||| FLEEEEING.
    83 | D:1      | 83 ||| FLEEEEING.
    84 | D:1      | 84 ||| FLEEEEING.
   658 | D:1      | 658 ||| UPGRADING to +0 ring mail.
   668 | D:1      | 668 ||| DROPPING +0 robe.
   669 | D:1      | 669 ||| READING scroll labelled SEENID BOARAT.
   670 | D:1      | 670 ||| DRINKING 2 puce potions.
   671 | D:1      | 671 ||| DROPPING scroll of poison.
   672 | D:1      | 672 ||| DROPPING potion of attraction.
   684 | D:2      | Noticed Natasha
   686 | D:2      | 686 ||| STAIRDANCE
   690 | D:1      | HP: 2/24 [Natasha/magic dart (8)]
   691 | D:1      | Slain by Natasha

Levels and vault maps discovered:
D:1:      beargit_arrival_greenhouse, layout_basic
D:2:      layout_rooms, basic_altar, hellmonk_ecumenical_altar_prayer_group,
          uniq_natasha

Skill      XL: |  1  2 |
---------------+-------+-----
Ranged Weapons | 3 |  3.5
Fighting       | 2 |  2.0
Dodging        | |  2.1
Spellcasting   | |  1.0
Hexes          | |  2.0

Action                     || total
---------------------------++-------
   Fire: Sling             ||    66
    Use: Scroll            ||     1
         Potion            ||     1
 Armour: Robe              ||     8
         Ring mail         ||     3
  Dodge: Dodged            ||    29

Table legend:
 A = Non-vault XP
 B = Vault XP
 C = Vault XP percentage of total XP
 D = Non-vault monster count
 E = Vault monster count
 F = Vault count percentage of total count
                 A         B        C        D         E       F
            +---------+---------+-------+---------+---------+-------
      Total |      38 |       0 |   0.0 |      23 |       0 |   0.0
            +---------+---------+-------+---------+---------+-------
        D:1 |      38 |       0 |   0.0 |      23 |       0 |   0.0
            +---------+---------+-------+---------+---------+-------
